[Event "Titled Tuesday Blitz April 12 Early 2022"]
[White "Przybylski, Wojciech"]
[Black "Gatterer, Florian"]
[WhiteFideId "1117599"]
[BlackFideId "811688"]
[WhiteElo "2133"]
[BlackElo "2218"]
[Result "1-0"]
[Round "09"]
[TimeControl "180+1"]
[Date "2022.04.13"]
[WhiteClock "0:01:25"]
[BlackClock "0:00:15"]

1. d4 Nf6 2. Bg5 d5 3. Nd2 c5 4. e3 Nc6 5. Ngf3 cxd4 6. exd4 Bg4 7. c3 h6 8. Bf4 e6 9. Bd3 Bd6 10. Bxd6 Qxd6 11. O-O O-O 12. Re1 Rab8 13. a4 a6 14. Qb3 Na5 15. Qc2 Bxf3 16. Nxf3 Nd7 17. Ne5 Nxe5 18. Rxe5 Qc7 19. g3 Nc4 20. Re2 b5 21. axb5 axb5 22. b3 Nd6 23. Qd2 Rfc8 24. Rc1 b4 25. c4 dxc4 26. bxc4 b3 27. c5 Ne8 28. Qc3 Nf6 29. Bb1 Rd8 30. Rd1 Qc6 31. Rb2 Qd5 32. Bd3 Qxd4 33. Bh7+ Kxh7 34. Rxd4 Rxd4 35. Qxd4 Nd5 36. Qd3+ g6 37. Rxb3 Rc8 38. Rb7 Kg7 39. Qd4+ Kg8 40. h4 h5 41. c6 Rxc6 42. Rb8+ 1-0


[Site "https://www.chess.com"]

[Event "Titled Tuesday Blitz April 12 Early 2022"]
[White "Rustemov, Alexander"]
[Black "Tan, Jun Ying"]
[WhiteFideId "4119002"]
[BlackFideId "5710413"]
[WhiteElo "2809"]
[BlackElo "1827"]
[Result "0-1"]
[Round "09"]
[TimeControl "180+1"]
[Date "2022.04.12"]
[WhiteClock "0:00:01"]
[BlackClock "0:00:09"]

1. d4 e6 2. c4 b6 3. e4 Bb7 4. Bd3 f5 5. exf5 Bb4+ 6. Kf1 Nf6 7. a3 Bd6 8. Nc3 O-O 9. Nf3 Qe8 10. fxe6 dxe6 11. h4 Nbd7 12. Be3 e5 13. dxe5 Nxe5 14. Nxe5 Qxe5 15. Qe2 Ng4 16. Kg1 Nxe3 17. Qxe3 Qf6 18. Nd5 Qxb2 19. Rb1 Qe5 20. Qxe5 Bxe5 21. Be4 Kh8 22. h5 c5 23. Nf6 Rxf6 24. Bxb7 Raf8 25. f3 Bd4+ 26. Kf1 Re6 27. Rh4 Re3 28. a4 Rfe8 29. Re4 R8xe4 30. Bxe4 Kg8 31. g4 h6 32. a5 bxa5 33. Rb7 a4 34. Rxa7 a3 35. Kg2 Re2+ 36. Kg3 a2 37. Bg6 a1=Q 0-1


[Site "https://www.chess.com"]

[Event "Titled Tuesday Blitz April 12 Early 2022"]
[White "Sadilek, Peter"]
[Black "Golubeva, Oksana"]
[WhiteFideId "1616439"]
[BlackFideId "4170164"]
[WhiteElo "2145"]
[BlackElo "2162"]
[Result "0-1"]
[Round "09"]
[TimeControl "180+1"]
[Date "2022.04.13"]
[WhiteClock "0:00:02"]
[BlackClock "0:00:38"]

1. d4 Nf6 2. c4 e6 3. Nf3 d5 4. Nc3 Bb4 5. Qa4+ Nc6 6. a3 Bxc3+ 7. bxc3 O-O 8. e3 Ne4 9. Qc2 b6 10. h4 Ba6 11. Ng5 Na5 12. Nxe4 dxe4 13. Qxe4 Bxc4 14. Bxc4 Nxc4 15. Qd3 b5 16. a4 a6 17. e4 c6 18. h5 e5 19. Qg3 exd4 20. O-O d3 21. Bh6 Qf6 22. Bg5 Qxc3 23. Rad1 Qe5 24. Bf4 Qxh5 25. Rxd3 Rfd8 26. axb5 axb5 27. Rfd1 Rxd3 28. Qxd3 h6 29. Re1 Qg4 30. Bg3 h5 31. Bh2 Qg5 0-1


[Site "https://www.chess.com"]

[Event "Titled Tuesday Blitz April 12 Early 2022"]
[White "Sanchez, Robert"]
[Black "Reprintsev, Alexander"]
[WhiteFideId "2034360"]
[BlackFideId "14100541"]
[WhiteElo "2390"]
[BlackElo "2108"]
[Result "0-1"]
[Round "09"]
[TimeControl "180+1"]
[Date "2022.04.13"]
[WhiteClock "0:00:25"]
[BlackClock "0:00:33"]

1. e4 d5 2. exd5 Qxd5 3. Nc3 Qa5 4. Nf3 Nc6 5. Be2 Bg4 6. O-O O-O-O 7. d3 e6 8. a3 Bd6 9. Ne4 Be7 10. Bd2 Qb6 11. b4 Bxf3 12. Bxf3 Nd4 13. a4 f5 14. a5 Qc6 15. Ng5 Nxf3+ 16. Nxf3 Bf6 17. Rb1 e5 18. b5 Qe6 19. b6 cxb6 20. axb6 a6 21. Re1 Ne7 22. Qe2 Nc6 23. Bc3 Rhe8 24. Qf1 g5 25. Nd2 e4 26. Bxf6 Qxf6 27. Nc4 exd3 28. Rxe8 Rxe8 29. Qxd3 Rd8 30. Qg3 f4 31. Qh3+ Rd7 32. Rd1 Nd4 33. c3 Nf5 34. Rxd7 Kxd7 35. Qxh7+ Ne7 36. Qd3+ Kc6 37. Qe4+ Kc5 38. h3 Nc6 39. g3 fxg3 40. fxg3 Qxc3 41. Ne3 Qd4 42. Qxd4+ Nxd4 43. h4 gxh4 44. g4 Kxb6 45. Kg2 Kc5 46. Kh3 Nf3 47. Ng2 b5 48. Nxh4 Nxh4 49. Kxh4 b4 50. g5 b3 51. g6 b2 52. g7 b1=Q 53. g8=Q Qh1+ 0-1


[Site "https://www.chess.com"]

[Event "Titled Tuesday Blitz April 12 Early 2022"]
[White "Sapunov, Evgeny"]
[Black "Pajeken, Jakob Leon"]
[WhiteFideId "4126661"]
[BlackFideId "12942839"]
[WhiteElo "2750"]
[BlackElo "2602"]
[Result "1/2-1/2"]
[Round "09"]
[TimeControl "180+1"]
[Date "2022.04.13"]
[WhiteClock "0:00:23"]
[BlackClock "0:00:28"]

1. c4 e6 2. Nf3 d5 3. e3 Nf6 4. b3 c5 5. cxd5 exd5 6. Bb2 Nc6 7. a3 d4 8. Bb5 Bd6 9. O-O O-O 10. Bxc6 bxc6 11. exd4 Bg4 12. h3 Bh5 13. dxc5 Bxc5 14. d4 Bxf3 15. Qxf3 Bxd4 16. Rd1 c5 17. Bxd4 cxd4 18. Nd2 Rc8 19. Nc4 Qd7 20. Rd3 Rfd8 21. Rad1 h6 22. Qf4 Qe7 23. Rxd4 Rxd4 24. Qxd4 g6 25. b4 Qe2 26. Ne5 Rc2 27. Ng4 Nxg4 28. hxg4 Rc4 29. Qd8+ Kg7 30. g3 Qxg4 31. Qd3 Qc8 32. Re1 Qc7 33. b5 Qc5 34. Qb3 Rc2 35. Rf1 Rc3 36. Qb2 Qxa3 37. Qxa3 Rxa3 38. Rb1 h5 39. Kg2 Rd3 40. b6 axb6 41. Rxb6 g5 42. Rb4 Kg6 43. Rc4 f6 44. Rb4 Rd8 45. Rc4 Rh8 46. Rb4 h4 47. gxh4 Rxh4 48. Rb8 Ra4 49. f3 Kf5 50. Kg3 Ra1 51. Rb5+ Kg6 52. Rb8 Rd1 53. Rc8 Rd7 54. Rb8 Rh7 55. Rc8 f5 56. Rc6+ Kh5 57. f4 Ra7 58. fxg5 Ra3+ 59. Kf2 Kxg5 60. Rc4 Rh3 61. Rb4 Rh2+ 62. Kg3 Rc2 63. Kf3 Rc3+ 64. Kf2 Rd3 65. Ra4 Rd6 66. Rb4 f4 67. Rb8 Rd2+ 68. Kf3 Rd3+ 69. Kf2 Ra3 70. Rg8+ Kf6 71. Rf8+ Ke5 72. Re8+ Kd4 73. Re1 Rh3 74. Re8 Kd3 75. Re7 Re3 76. Rd7+ Ke4 77. Re7+ Kd4 78. Rd7+ Kc4 79. Rf7 Re4 80. Kf3 Re1 81. Rxf4+ Kd3 82. Kg4 Rg1+ 83. Kf5 Rg8 84. Ra4 Ke3 85. Ke6 Rg5 86. Kf7 Rb5 87. Ra3+ Ke4 88. Ke7 Ke5 89. Kd7 Rb7+ 90. Kc6 Rh7 91. Ra5+ Ke6 92. Ra1 Rh6 93. Re1+ Kf5+ 94. Kd5 Rh8 95. Rf1+ Kg4 96. Ke4 Re8+ 97. Kd4 Rd8+ 98. Kc5 Kg5 99. Rg1+ Kf5 100. Rf1+ Ke4 101. Re1+ Kf3 102. Rf1+ Ke2 103. Rf7 Rc8+ 104. Kd6 Kd3 105. Rd7 Rc4 106. Ke7+ Ke3 107. Kd8 Ke4 108. Re7+ Kd5 109. Rd7+ Ke6 110. Re7+ Kf6 111. Re1 Ra4 112. Kd7 Ra7+ 113. Kd6 Ra6+ 114. Kd5 Ra8 115. Kd6 Rd8+ 116. Kc7 Rd2 117. Kc6 Kf5 118. Kc5 Rc2+ 119. Kd4 Rc8 120. Rf1+ Ke6 121. Re1+ Kd6 122. Rh1 Rg8 123. Rh6+ Kd7 124. Rh7+ Ke6 125. Rh6+ Kf5 126. Rh5+ Kg4 127. Rh1 Rd8+ 128. Ke5 Re8+ 129. Kd6 Re2 130. Rh8 Kf5 131. Rf8+ 1/2-1/2


[Site "https://www.chess.com"]

[Event "Titled Tuesday Blitz April 12 Early 2022"]
[White "Shimanov, Aleksandr"]
[Black "Mekhitarian, Krikor Sevag"]
[WhiteFideId "4198603"]
[BlackFideId "2107660"]
[WhiteElo "2636"]
[BlackElo "2598"]
[Result "1-0"]
[Round "09"]
[TimeControl "180+1"]
[Date "2022.04.12"]
[WhiteClock "0:00:05"]
[BlackClock "0:00:01"]

1. d4 Nf6 2. Nc3 d5 3. Bf4 a6 4. e3 e6 5. Bd3 c5 6. dxc5 Bxc5 7. Nf3 Nc6 8. O-O Bd6 9. Bg5 h6 10. Bh4 Be7 11. Bg3 Nh5 12. e4 Nxg3 13. hxg3 dxe4 14. Nxe4 O-O 15. Qe2 Qc7 16. c3 Bd7 17. Qe3 Rad8 18. g4 Ne5 19. Nxe5 Qxe5 20. f4 Qc7 21. g5 Bc6 22. gxh6 g6 23. Kh2 Rd5 24. Be2 Kh7 25. Rad1 Rfd8 26. Rxd5 exd5 27. Nf2 Bg5 28. Ng4 Re8 29. Qd2 Bxh6 30. Nf6+ Kh8 31. Nxe8 Bxe8 32. Qxd5 Bxf4+ 33. Kh1 Bc6 34. Qd4+ Be5 35. Qh4+ Kg7 36. Bc4 f5 37. Re1 Bf6 38. Qf2 b5 39. Be2 Be4 40. Bf3 Qf4 41. Rf1 Bh4 42. Qd4+ Bf6 43. Qf2 Bh4 44. Qa7+ Kh6 45. Kg1 1-0


[Site "https://www.chess.com"]

[Event "Titled Tuesday Blitz April 12 Early 2022"]
[White "Simonovic, Miroslav"]
[Black "Kavyev, Ruslan"]
[WhiteFideId "919152"]
[BlackFideId "34110981"]
[WhiteElo "2043"]
[BlackElo "2182"]
[Result "0-1"]
[Round "09"]
[TimeControl "180+1"]
[Date "2022.04.13"]
[WhiteClock "0:00:17"]
[BlackClock "0:00:45"]

1. d4 Nf6 2. Bg5 Ne4 3. h4 h6 4. Bf4 c5 5. dxc5 Qa5+ 6. Nd2 Nc6 7. c3 Nxd2 8. Qxd2 Qxc5 9. e4 d6 10. Be3 Qa5 11. b4 Qc7 12. Nf3 g6 13. h5 g5 14. Be2 Bg7 15. O-O Bg4 16. Nd4 Bxe2 17. Qxe2 Nxd4 18. Bxd4 O-O 19. f4 gxf4 20. Bxg7 Kxg7 21. Rxf4 Qxc3 22. Raf1 Qd4+ 23. Kh1 Qe5 24. Rf5 Qe6 25. Qg4+ Kh8 26. Qf4 Rac8 27. Rxf7 Rxf7 28. Qxf7 Qxf7 29. Rxf7 Rc7 30. a3 Kg8 31. Rf3 Rc4 32. Re3 Kf7 33. e5 d5 34. e6+ Kf6 35. g3 Rc2 36. g4 d4 37. Rf3+ Ke5 38. g5 Ke4 39. Rf8 d3 40. gxh6 d2 41. Rd8 Rc1+ 42. Kh2 d1=Q 43. Rxd1 Rxd1 44. Kg3 Kf5 45. h7 Rd8 0-1


[Site "https://www.chess.com"]

[Event "Titled Tuesday Blitz April 12 Early 2022"]
[White "Sjugirov, Sanan"]
[Black "Narayanan, Srinath"]
[WhiteFideId "4189302"]
[BlackFideId "5018420"]
[WhiteElo "2602"]
[BlackElo "2472"]
[Result "1-0"]
[Round "09"]
[TimeControl "180+1"]
[Date "2022.04.12"]
[WhiteClock "0:00:16"]
[BlackClock "0:00:12"]

1. e4 e5 2. Nf3 Nc6 3. Bb5 a6 4. Ba4 Bc5 5. O-O d6 6. Bxc6+ bxc6 7. d4 exd4 8. Nxd4 Ne7 9. Be3 O-O 10. Nd2 Ba7 11. Re1 Kh8 12. Nf1 f5 13. exf5 Bxd4 14. Bxd4 Nxf5 15. Bc3 Qg5 16. Ng3 Nh4 17. Qh5 Qd8 18. Re2 Ng6 19. Qh6 Ne5 20. Bxe5 dxe5 21. Qe3 Rb8 22. b3 a5 23. Qxe5 a4 24. Rae1 axb3 25. axb3 Ba6 26. Re3 Qd2 27. Nf5 Rf7 28. Qe8+ Rf8 29. Qxb8 Qxe1+ 30. Rxe1 Rxb8 31. Nd4 c5 32. Ne6 Re8 33. Re3 c4 34. Nxc7 Rd8 35. Re8+ Rxe8 36. Nxe8 cxb3 37. cxb3 Kg8 38. Nc7 Be2 39. f3 Kf7 40. Kf2 Bd1 41. b4 Ke7 42. Ke3 Ba4 43. Kd4 Kd6 44. Nd5 Bb5 45. Ne3 g6 46. f4 Be2 47. h4 1-0


[Site "https://www.chess.com"]

[Event "Titled Tuesday Blitz April 12 Early 2022"]
[White "Steil-Antoni, Fiona"]
[Black "Fernandez Siles, Luis"]
[WhiteFideId "4001249"]
[BlackFideId "2209420"]
[WhiteElo "2059"]
[BlackElo "2212"]
[Result "1-0"]
[Round "09"]
[TimeControl "180+1"]
[Date "2022.04.13"]
[WhiteClock "0:00:07"]
[BlackClock "0:00:37"]

1. e4 e5 2. Bc4 Nf6 3. d3 Nc6 4. Nc3 Bb4 5. Ne2 d5 6. exd5 Nxd5 7. O-O Nxc3 8. Nxc3 O-O 9. Qh5 Bxc3 10. bxc3 Qf6 11. Bd2 Be6 12. Bg5 Qf5 13. Bxe6 Qxe6 14. Rfe1 f6 15. Bd2 Qf7 16. Qf3 Qd7 17. a4 a5 18. Rab1 b6 19. Qe4 Rad8 20. f4 Qd5 21. fxe5 Qxe4 22. Rxe4 Nxe5 23. Bf4 Rfe8 24. Rbe1 Kf7 25. Bxe5 Rxe5 26. Rxe5 fxe5 27. Rxe5 Rd6 28. Kf2 Kf6 29. Re4 Rd5 30. Ke3 g5 31. g4 Rc5 32. c4 Rc6 33. h3 h6 34. Re8 Kf7 35. Rh8 Re6+ 36. Kd4 Kg7 37. Rc8 c5+ 38. Kc3 Re3 39. Rc6 Rxh3 40. Rxb6 h5 41. gxh5 g4 42. Rg6+ Kf7 43. Rxg4 Rxh5 44. Rg1 Rh8 45. Rb1 Ke6 46. Rb5 Kd6 47. Rxa5 Rb8 48. Ra6+ Kd7 49. Kd2 Rb2 50. Ra5 Kc6 51. Rb5 Ra2 52. a5 Ra1 53. Ke3 Re1+ 54. Kd2 Ra1 55. Kc3 Ra3+ 56. Kb2 Ra4 57. c3 Kd6 58. Kb3 Ra1 59. d4 cxd4 60. cxd4 Rd1 61. Kc3 Ra1 62. c5+ Kd5 63. Rb8 Rxa5 64. Rd8+ Kc6 65. Rd6+ Kc7 66. Rh6 Ra1 67. Kc4 Rg1 68. Rh7+ Kc6 69. Rh6+ Kc7 70. Kd5 Rg5+ 71. Kc4 Rg4 72. Rf6 Rh4 73. Re6 Rg4 74. Kd5 Rg5+ 75. Re5 Rg7 76. Rh5 Rg6 77. Kc4 Rg4 78. Kd5 Rg7 79. Rh6 Rf7 80. Rh4 Rf5+ 81. Kc4 Rg5 82. d5 Rf5 83. Rh7+ Kd8 84. d6 Rf1 85. Kb5 Rf8 86. Kc6 Rg8 87. Ra7 1-0


[Site "https://www.chess.com"]

[Event "Titled Tuesday Blitz April 12 Early 2022"]
[White "Stribuk, Artiom"]
[Black "Harshavardhan G B"]
[WhiteFideId "13515659"]
[BlackFideId "25059009"]
[WhiteElo "2259"]
[BlackElo "1831"]
[Result "1-0"]
[Round "09"]
[TimeControl "180+1"]
[Date "2022.04.12"]
[WhiteClock "0:00:35"]
[BlackClock "0:00:51"]

1. d4 Nf6 2. c4 g6 3. Nc3 Bg7 4. e4 d6 5. h3 O-O 6. Bg5 Na6 7. Bd3 e5 8. Nf3 Qe8 9. O-O exd4 10. Nxd4 Nc5 11. Re1 Bd7 12. Bc2 Bc6 13. Nd5 Bxd5 14. exd5 Qc8 15. b4 Na6 16. a3 Nd7 17. Bb3 Re8 18. Qd2 Nf8 19. Rxe8 Qxe8 20. Re1 Qc8 21. Re7 Nd7 22. Qf4 Ne5 23. Bf6 Bf8 24. Rxe5 dxe5 25. Bxe5 Be7 26. c5 Qe8 27. d6 cxd6 28. cxd6 Bd8 29. d7 Qxd7 30. Qh6 1-0


[Site "https://www.chess.com"]

[Event "Titled Tuesday Blitz April 12 Early 2022"]
[White "Suarez Uriel, Adrian"]
[Black "Roman, Rodrigo"]
[WhiteFideId "22230874"]
[BlackFideId "3701220"]
[WhiteElo "2316"]
[BlackElo "2001"]
[Result "1-0"]
[Round "09"]
[TimeControl "180+1"]
[Date "2022.04.13"]
[WhiteClock "0:01:06"]
[BlackClock "0:00:06"]

1. d4 Nf6 2. c3 b6 3. Nf3 Bb7 4. Bg5 e6 5. e3 Be7 6. Bd3 h6 7. Bh4 g5 8. Bg3 d6 9. Nbd2 Nbd7 10. Qe2 Nh5 11. O-O-O a5 12. e4 Nf4 13. Bxf4 gxf4 14. e5 a4 15. Ne4 d5 16. Ned2 c5 17. g3 c4 18. Bc2 a3 19. b4 cxb3 20. Bxb3 Ba6 21. Qe1 Bg5 22. h4 Be7 23. gxf4 Rc8 24. Qe3 b5 25. Kb1 Qa5 26. Rc1 Nb6 27. f5 Nc4 28. Bxc4 bxc4 29. Ka1 Rb8 30. Rb1 Rb2 31. f6 Bf8 32. Rxb2 axb2+ 33. Kxb2 Kd7 34. Ka1 Ba3 35. Rb1 Qc7 36. Ne1 Rb8 37. Nc2 Rxb1+ 38. Nxb1 Bf8 39. Nb4 Qa5 40. Qd2 Bb5 41. Qb2 Ba4 42. Nd2 h5 43. f4 Qb5 44. f5 Bh6 45. fxe6+ Kxe6 46. Nf3 Bd1 47. Ng5+ Bxg5 48. hxg5 Qa4 49. g6 fxg6 50. Qg2 Bg4 51. Qxd5+ Kf5 52. Qxc4 Qd1+ 53. Kb2 Qd2+ 54. Nc2 Bd1 55. Qf1+ Kg5 56. Qg1+ Kh4 57. Qe1+ Qxe1 58. Nxe1 g5 59. f7 g4 60. f8=Q g3 61. Qf4+ Bg4 62. d5 Kh3 63. e6 g2 64. Nxg2 Kxg2 65. e7 Bd7 66. Qg5+ Kf3 67. Qxh5+ Ke4 68. d6 Be8 69. Qxe8 Ke5 70. d7 Ke4 71. d8=Q Ke3 72. Qd4+ Kf3 73. Qh5+ Kg2 74. Qe2+ Kh1 75. Qdd1# 1-0


[Site "https://www.chess.com"]

[Event "Titled Tuesday Blitz April 12 Early 2022"]
[White "Svane, Frederik"]
[Black "Manolache, Marius"]
[WhiteFideId "12923044"]
[BlackFideId "1201530"]
[WhiteElo "2459"]
[BlackElo "2364"]
[Result "1/2-1/2"]
[Round "09"]
[TimeControl "180+1"]
[Date "2022.04.12"]
[WhiteClock "0:00:03"]
[BlackClock "0:00:41"]

1. e4 c5 2. Nf3 e6 3. c3 Nf6 4. e5 Nd5 5. d4 cxd4 6. cxd4 d6 7. Bc4 Bd7 8. O-O Bc6 9. Qe2 Be7 10. Rd1 Nd7 11. exd6 Bxd6 12. Nc3 N7f6 13. Bg5 O-O 14. Ne5 Be7 15. Rd3 Nxc3 16. bxc3 Bd5 17. Bb3 Bxb3 18. axb3 Nd5 19. Bd2 Bf6 20. c4 Ne7 21. Bb4 Re8 22. Rad1 Ng6 23. Nxg6 hxg6 24. Qe4 Qb6 25. Bc5 Qc6 26. Qg4 b5 27. h4 bxc4 28. bxc4 e5 29. h5 exd4 30. Bxd4 Bxd4 31. Rxd4 Qe6 32. hxg6 Qxg6 33. Qxg6 fxg6 34. Rd7 Rec8 35. Re1 Rxc4 36. Ree7 Rc6 37. Rxg7+ Kh8 38. Rh7+ Kg8 39. Rdg7+ Kf8 40. Kh2 a5 41. Kg3 a4 42. Kg4 Ra5 43. Rb7 Kg8 44. Rhg7+ Kh8 45. Rh7+ Kg8 46. Rbg7+ Kf8 47. Rf7+ Kg8 48. Rfg7+ Kf8 1/2-1/2


[Site "https://www.chess.com"]

[Event "Titled Tuesday Blitz April 12 Early 2022"]
[White "Sztokbant, Bernardo Vainzoff"]
[Black "Domingo Nunez, Alejandro"]
[WhiteFideId "2115956"]
[BlackFideId "22245561"]
[WhiteElo "2225"]
[BlackElo "2215"]
[Result "1/2-1/2"]
[Round "09"]
[TimeControl "180+1"]
[Date "2022.04.13"]
[WhiteClock "0:00:04"]
[BlackClock "0:00:13"]

1. d4 g6 2. c4 Bg7 3. Nf3 d6 4. g3 Nf6 5. Bg2 O-O 6. O-O Nbd7 7. Nc3 c5 8. b3 Rb8 9. Bb2 a6 10. Rc1 b5 11. cxb5 axb5 12. dxc5 Nxc5 13. Nd4 Bd7 14. b4 Ne6 15. Nc6 Bxc6 16. Bxc6 Ng4 17. Ba1 Nd4 18. Bg2 Ne5 19. e3 Ne6 20. Nd5 Nc4 21. Bxg7 Nxg7 22. Qe2 e6 23. Nc3 d5 24. Rfd1 Qe7 25. e4 dxe4 26. Nxe4 Qxb4 27. Nf6+ Kh8 28. Nd7 Qa3 29. Rb1 Qa4 30. Nxf8 Rxf8 31. Bc6 Na3 32. Rb3 Nf5 33. Qe5+ Kg8 34. Rdd3 Nc4 35. Qf6 Qxa2 36. Bxb5 Ncd6 37. Bd7 Ne4 38. Qb2 Qa5 39. Qe2 Qa8 40. Ra3 Qb7 41. Rab3 Qa8 42. Ra3 Qb7 43. Rab3 Qa8 1/2-1/2


[Site "https://www.chess.com"]

[Event "Titled Tuesday Blitz April 12 Early 2022"]
[White "Tanenbaum, Zachary"]
[Black "Jumabayev, Rinat"]
[WhiteFideId "2060850"]
[BlackFideId "13702661"]
[WhiteElo "2168"]
[BlackElo "2561"]
[Result "0-1"]
[Round "09"]
[TimeControl "180+1"]
[Date "2022.04.12"]
[WhiteClock "0:00:07"]
[BlackClock "0:00:44"]

1. e4 c5 2. Nf3 d6 3. d4 cxd4 4. Nxd4 Nf6 5. Nc3 a6 6. Be3 e6 7. f3 b5 8. Qd2 b4 9. Nce2 e5 10. Nb3 Nc6 11. O-O-O Be6 12. Kb1 a5 13. g4 a4 14. Nbc1 d5 15. g5 d4 16. Bf2 Nd7 17. f4 b3 18. cxb3 axb3 19. a3 Bb4 20. axb4 Qc7 21. Nxd4 exd4 22. Ba6 Nxb4 23. Nd3 Qc2+ 24. Qxc2 bxc2+ 25. Kc1 cxd1=Q+ 0-1


[Site "https://www.chess.com"]

[Event "Titled Tuesday Blitz April 12 Early 2022"]
[White "Timofeev, Artyom"]
[Black "Gabdrakhmanov, Azat"]
[WhiteFideId "4140419"]
[BlackFideId "34189197"]
[WhiteElo "2594"]
[BlackElo "2279"]
[Result "1-0"]
[Round "09"]
[TimeControl "180+1"]
[Date "2022.04.12"]
[WhiteClock "0:00:27"]
[BlackClock "0:00:07"]

1. e4 c5 2. Nf3 e6 3. Nc3 a6 4. g3 Nc6 5. Bg2 Nf6 6. O-O d6 7. d4 cxd4 8. Nxd4 Bd7 9. Be3 Be7 10. Nce2 O-O 11. c4 Rc8 12. b3 Ne5 13. h3 b5 14. cxb5 axb5 15. Qd2 Qc7 16. f4 Ng6 17. Kh2 Qb8 18. Rad1 Rfe8 19. Qd3 e5 20. Nf5 exf4 21. Bxf4 Bxf5 22. exf5 Ne5 23. Qd2 Bf8 24. Nc3 Ned7 25. b4 Rc4 26. Nd5 Ne4 27. Qd3 Ndf6 28. Nxf6+ Nxf6 29. a3 Qc8 30. g4 h5 31. g5 Ne4 32. g6 fxg6 33. Qd5+ Kh8 34. fxg6 Nf6 35. Qg5 Rc2 36. Bd2 Qe6 37. Rxf6 Qe2 38. Rf3 1-0


[Site "https://www.chess.com"]

[Event "Titled Tuesday Blitz April 12 Early 2022"]
[White "Tregubov, Pavel V."]
[Black "Fathy, Elameir"]
[WhiteFideId "4115341"]
[BlackFideId "10600396"]
[WhiteElo "2341"]
[BlackElo "2311"]
[Result "1-0"]
[Round "09"]
[TimeControl "180+1"]
[Date "2022.04.13"]
[WhiteClock "0:00:22"]
[BlackClock "0:00:02"]

1. e4 c6 2. Nf3 d5 3. Nc3 Bg4 4. h3 Bxf3 5. Qxf3 e6 6. g3 Nd7 7. d4 Bb4 8. Bg2 dxe4 9. Qxe4 Ngf6 10. Qd3 O-O 11. O-O Bd6 12. Ne2 e5 13. Rd1 exd4 14. Nxd4 Ne5 15. Qb3 Qc7 16. Bg5 Rfd8 17. Nf5 Be7 18. Re1 Re8 19. Nxe7+ Qxe7 20. Kh1 h6 21. Bf4 Qc5 22. Qxb7 Rab8 23. Qc7 Ng6 24. Be3 Qxc2 25. b3 Nd5 26. Bxd5 cxd5 27. Qxc2 1-0


[Site "https://www.chess.com"]

[Event "Titled Tuesday Blitz April 12 Early 2022"]
[White "Tsyhanchuk, Stanislav"]
[Black "Shohat, Yotam"]
[WhiteFideId "13505130"]
[BlackFideId "2813955"]
[WhiteElo "2078"]
[BlackElo "2119"]
[Result "0-1"]
[Round "09"]
[TimeControl "180+1"]
[Date "2022.04.13"]
[WhiteClock "0:00:52"]
[BlackClock "0:00:55"]

1. e4 c5 2. Nf3 Nc6 3. d4 cxd4 4. Nxd4 g6 5. Nc3 Bg7 6. Be3 Nf6 7. Nxc6 bxc6 8. e5 Nd5 9. Nxd5 cxd5 10. Qxd5 Rb8 11. O-O-O Qc7 12. f4 O-O 13. Qc5 Qb7 14. Bd4 Qe4 15. Bd3 Qxf4+ 16. Kb1 d6 17. Qc3 dxe5 18. Bxa7 Rb7 19. Ba6 Rxa7 20. Bxc8 e4 21. Qh3 Qb8 22. c3 Rxc8 23. Rc1 Rb7 0-1


[Site "https://www.chess.com"]

[Event "Titled Tuesday Blitz April 12 Early 2022"]
[White "Uzuner, Tufan Can"]
[Black "Gaehwiler, Gabriel"]
[WhiteFideId "6300499"]
[BlackFideId "1314530"]
[WhiteElo "2183"]
[BlackElo "2383"]
[Result "1-0"]
[Round "09"]
[TimeControl "180+1"]
[Date "2022.04.13"]
[WhiteClock "0:02:10"]
[BlackClock "0:02:51"]

1. d4 c6 2. Nf3 d6 3. g3 Nf6 4. Bg2 Nbd7 5. b3 g6 6. Bb2 Bg7 7. Nbd2 O-O 8. O-O Rb8 9. a4 Qc7 10. c4 b6 11. Qc2 Bb7 12. e4 e5 13. Rfe1 Rbc8 14. Rad1 Rfe8 15. b4 Qb8 16. dxe5 Nxe5 17. Nxe5 dxe5 18. c5 Ba6 19. Nc4 Bxc4 20. Qxc4 b5 21. axb5 cxb5 22. Qa2 Rc6 23. Rd2 Nd7 24. Rxd7 1-0


[Site "https://www.chess.com"]

[Event "Titled Tuesday Blitz April 12 Early 2022"]
[White "Vianello, Enrico"]
[Black "Kejzar, Petra"]
[WhiteFideId "810738"]
[BlackFideId "14610213"]
[WhiteElo "2258"]
[BlackElo "2003"]
[Result "1-0"]
[Round "09"]
[TimeControl "180+1"]
[Date "2022.04.13"]
[WhiteClock "0:00:02"]
[BlackClock "0:00:01"]

1. Nf3 Nf6 2. c4 e6 3. b3 d5 4. Bb2 Be7 5. e3 O-O 6. Be2 b6 7. O-O Bb7 8. Nc3 c5 9. cxd5 exd5 10. d4 Nbd7 11. Rc1 Rc8 12. dxc5 Nxc5 13. Nb5 Nfe4 14. Nbd4 Bf6 15. Rc2 Ne6 16. Rxc8 Qxc8 17. Qa1 Qd7 18. Rc1 a6 19. h3 Re8 20. Qb1 N4c5 21. Nxe6 Qxe6 22. Bxf6 Qxf6 23. Qc2 Ne6 24. Qd2 d4 25. Nxd4 Nxd4 26. exd4 Qd8 27. Bf1 h6 28. Qb4 Qf6 29. Re1 Rd8 30. Rd1 a5 31. Qc4 Bd5 32. Qc7 Be4 33. Qc3 Rd5 34. Qe3 Qg6 35. Qg3 Rg5 36. Qb8+ Kh7 37. g3 h5 38. Qf4 Bb7 39. h4 Qc6 40. d5 Rxd5 41. Qe4+ f5 42. Qxd5 Qxd5 43. Rxd5 Bxd5 44. Bd3 Kg6 45. Kf1 Kf6 46. Ke2 Ke5 47. Ke3 Bc6 48. f4+ Kd6 49. Kd4 g6 50. Bc4 Be8 51. a3 b5 52. Bg8 a4 53. b4 Kc6 54. Ke5 1-0


[Site "https://www.chess.com"]

[Event "Titled Tuesday Blitz April 12 Early 2022"]
[White "Vokhidov, Shamsiddin"]
[Black "Hess, Robert"]
[WhiteFideId "14204223"]
[BlackFideId "2022036"]
[WhiteElo "2611"]
[BlackElo "2557"]
[Result "1-0"]
[Round "09"]
[TimeControl "180+1"]
[Date "2022.04.12"]
[WhiteClock "0:00:16"]
[BlackClock "0:00:03"]

1. e4 g6 2. d4 Bg7 3. Nf3 d6 4. Nc3 a6 5. a4 Nd7 6. Be2 e6 7. O-O h6 8. a5 Ne7 9. Be3 O-O 10. Qd2 Kh7 11. Rfe1 Nf6 12. h3 d5 13. Bd3 dxe4 14. Nxe4 Nfd5 15. c3 Nf5 16. Bf4 Nxf4 17. Qxf4 b6 18. h4 Kg8 19. Ng3 Bb7 20. Nxf5 gxf5 21. Ne5 c5 22. axb6 cxd4 23. cxd4 Qxb6 24. Re3 Rad8 25. Ra4 Rd5 26. Rg3 Kh8 27. Be2 Qxb2 28. Bh5 Rxe5 29. dxe5 Qxe5 30. Qxe5 Bxe5 31. Rb3 Bd5 32. Re3 Bf6 33. Rxa6 Bxh4 34. Bf3 Bxf3 35. Rxf3 Kg7 36. Rd3 Bg5 37. Rd7 Kg6 38. g3 h5 39. Kg2 h4 40. gxh4 Bxh4 41. Kf3 Bf6 42. Raa7 Be5 43. Rab7 Bf6 44. Kf4 Bg5+ 45. Kf3 Bf6 46. Ke3 Bg5+ 47. Ke2 Bf6 48. Rd1 Be5 49. Ke3 Ra8 50. Rdd7 Rf8 51. f4 Bf6 52. Rd1 Bd8 53. Kf3 Kf6 54. Rdd7 Ba5 55. Ke3 Bc3 56. Kd3 Be1 57. Rb1 Bg3 58. Ke3 Ra8 59. Rbb7 Ra3+ 60. Kd4 Bxf4 61. Rxf7+ Kg5 62. Rg7+ Kh4 63. Rg6 e5+ 64. Kd5 Bg3 65. Rh7# 1-0


[Site "https://www.chess.com"]

[Event "Titled Tuesday Blitz April 12 Early 2022"]
[White "Vusatiuk, Vladimir"]
[Black "Manukian, Artak"]
[WhiteFideId "14118610"]
[BlackFideId "13301373"]
[WhiteElo "2157"]
[BlackElo "2348"]
[Result "1-0"]
[Round "09"]
[TimeControl "180+1"]
[Date "2022.04.13"]
[WhiteClock "0:00:14"]
[BlackClock "0:00:49"]

1. d4 d5 2. Nc3 Nf6 3. Bg5 Nbd7 4. Qd3 h6 5. Bh4 e6 6. e4 dxe4 7. Nxe4 Be7 8. Nxf6+ Bxf6 9. Bg3 c5 10. Nf3 Qa5+ 11. c3 O-O 12. Be2 cxd4 13. Nxd4 Nc5 14. Qb5 Qxb5 15. Nxb5 Ne4 16. Bf4 Bd7 17. f3 Nc5 18. Bd6 Rfc8 19. Nc7 Rab8 20. Bxc5 Bd8 21. Bxa7 Bxc7 22. Bxb8 Bxb8 23. O-O Bc6 24. Bd3 Rd8 25. Rad1 g5 26. Be4 Ba7+ 27. Kh1 Rc8 28. Bxc6 bxc6 29. Rd7 Be3 30. Re1 Bf4 31. g3 Bb8 32. Red1 Kg7 33. Rd8 Rxd8 34. Rxd8 Be5 35. Rc8 g4 36. fxg4 1-0


[Site "https://www.chess.com"]